 Dungeon Crawl Stone Soup version 0.19-a0-379-ge33ada3 (webtiles) character file.

7345 Mysteryquy the Protected (level 10, -1/91 HPs)
             Began as a Minotaur Fighter on May 30, 2016.
             Was a Believer of Hepliaklqana.
             Slain by an eight-headed hydra (4 damage)
             ... on level 1 of the Lair of Beasts.
             The game lasted 00:17:33 (8857 turns).

Mysteryquy the Protected (Minotaur Fighter)         Turns: 8857, Time: 00:17:33

Health: -1/91      AC: 18    Str: 23    XL:     10   Next: 91%
Magic:  9/9        EV:  8    Int: 10    God:    Hepliaklqana [**....]
Gold:   636        SH: 12    Dex: 11    Spells: 0 memorised, 9 levels left

rFire  . . .     SeeInvis .     d - +0 war axe (elec)
rCold  . . .     Gourm    .     H - +1 plate armour
rNeg   . . .     Faith    .     c - +0 shield
rPois  .         Spirit   .     (helmet restricted)
rElec  .         Dismiss  .     I - +0 cloak
rCorr  .         Reflect  .     (no gloves)
SustAt .         Harm     .     J - +0 pair of boots
MR     .....                    (no amulet)
Stlth  ..........               (no ring)
                                m - +5 ring of intelligence

@: not resistant to hostile enchantments, extremely unstealthy
A: retaliatory headbutt, horns 2
a: Recall Ancestor, Ancestor Identity, Renounce Religion


You were on level 1 of the Lair of Beasts.
You worshipped Hepliaklqana.
Hepliaklqana was pleased with you.
You were not hungry.

You visited 3 branches of the dungeon, and saw 11 of its levels.

You collected 636 gold pieces.

Inventory:

Hand Weapons
 a - a +0 war axe
 d - a +0 war axe of electrocution (weapon)
 N - a +1 war axe of freezing
Armour
 b - a +0 scale mail
 c - a +0 shield (worn)
 H - a +1 plate armour (worn)
 I - a +0 cloak (worn)
 J - a +0 pair of boots (worn)
Jewellery
 m - a +5 ring of intelligence (left hand)
 K - a +4 ring of protection {unknown}
 P - an uncursed amulet of guardian spirit {unknown}
Wands
 u - a wand of paralysis (7/24)
 R - a wand of teleportation (3/9)
 T - a wand of acid (14/15)
Scrolls
 e - 3 scrolls of remove curse {unknown}
 j - 12 scrolls of identify {unknown}
 k - 2 scrolls of enchant armour
 q - a scroll of random uselessness
 r - 3 scrolls of amnesia {unknown}
 s - 3 scrolls of noise {unknown}
 y - 6 scrolls of teleportation {unknown}
 z - a scroll of fear {unknown}
 C - 4 scrolls of enchant weapon {unknown}
 D - 2 scrolls of magic mapping {unknown}
 F - 2 scrolls of immolation {unknown}
 L - a scroll of blinking {unknown}
Potions
 l - 3 potions of degeneration
 n - a potion of resistance {unknown}
 o - 2 potions of cure mutation {unknown}
 t - 3 potions of magic {unknown}
 v - a potion of invisibility {unknown}
 x - a potion of brilliance {unknown}
 B - 3 potions of lignification {unknown}
 E - 2 potions of haste {unknown}
 G - a potion of ambrosia {unknown}
 O - a potion of heal wounds {unknown}
 S - 2 potions of flight {unknown}
Books
 A - a book of Frost

   Spells                             Type                      Level
   a - Freeze                         Ice                          1
   b - Throw Frost                    Conjuration/Ice              2
   c - Ozocubu's Armour               Charms/Ice                   3
   d - Throw Icicle                   Conjuration/Ice              4
   e - Summon Ice Beast               Ice/Summoning                4
 M - a book of the Earth

   Spells                             Type                      Level
   a - Leda's Liquefaction            Hexes/Earth                  4
   b - Bolt of Magma                  Conjuration/Fire/Earth       5
   c - Statue Form                    Transmutation/Earth          6
   d - Iron Shot                      Conjuration/Earth            6
   e - Shatter                        Earth                        9
 Q - a book of Spatial Translocations

   Spells                             Type                      Level
   a - Apportation                    Translocation                1
   b - Blink                          Translocation                2
   c - Shroud of Golubria             Charms/Translocation         2
   d - Portal Projectile              Translocation                3
   e - Teleport Other                 Translocation                3
   f - Passage of Golubria            Translocation                4
 U - a book of the Dragon

   Spells                             Type                      Level
   a - Flame Tongue                   Conjuration/Fire             1
   b - Cause Fear                     Hexes                        4
   c - Bolt of Fire                   Conjuration/Fire             6
   d - Dragon Form                    Transmutation                7
   e - Dragon's Call                  Summoning                    9
Comestibles
 f - 8 bread rations
 g - 2 meat rations
 p - 3 beef jerkies
 w - a slice of pizza
 V - 3 fruits
 W - 5 chunks of flesh


   Skills:
 + Level 9.3 Fighting
 + Level 10.0 Axes
 + Level 10.3 Armour
 + Level 5.7 Dodging
 + Level 2.0 Stealth
 + Level 10.3 Shields


You had 9 spell levels left.
You didn't know any spells.

Dungeon Overview and Level Annotations

Branches:
Dungeon (9/15)             Temple (1/1) D:6            Lair (1/8) D:9
    Orc: D:9-12

Altars:
Ashenzari
Cheibriados
Dithmenos
Elyvilon
Fedhas
Gozag
Hepliaklqana
Kikubaaqudgha
Makhleb
Nemelex Xobeh
Okawaru
Pakellas
Qazlal
Ru
Sif Muna
Trog
Ukayaw
Vehumet
Xom
Yredelemnul
Zin
The Shining One


Innate Abilities, Weirdness & Mutations

You reflexively headbutt those who attack you in melee.
You have a pair of horns on your head.


Message History

You block the eight-headed hydra's attack.
The eight-headed hydra bites you!
* * * LOW HITPOINT WARNING * * *
The eight-headed hydra bites you but does no damage.
The eight-headed hydra bites you.
* * * LOW HITPOINT WARNING * * *
The eight-headed hydra bites you but does no damage.
You block the eight-headed hydra's attack.
The eight-headed hydra barely misses you.
The eight-headed hydra bites you!
* * * LOW HITPOINT WARNING * * *
As you read the scroll labeled ISUFROSTRAN, it crumbles to dust.
Your brain hurts!
It was a scroll of random uselessness.
You block the eight-headed hydra's attack.
The eight-headed hydra bites you.
* * * LOW HITPOINT WARNING * * *
The eight-headed hydra bites you but does no damage.
You block the eight-headed hydra's attack.
The eight-headed hydra bites you.
You die...

#..# ##........(..# ..####.#
##..# #......###..# .......#
#.[.####..##..# # #..
.....##...##.## #.#
##....##..##.# ##.#
.....###..##.### ####...
♣..♣....))...♣P.♣ ## ###.#.#.#
.PP♣P.P.....♣♣§P♣♣♣.### #....†...
♣♣♣P.♣♣PP♣♣.♣§♣P@♣♣.PP###.#.#.#†#
♣P....P.P..PP♣♣.PD♣P...##.####†..
....P.#...#...P.P..♣♣P.##.# ##.#
..P.....(......♣§§♣♣♣♣....# #.#
♣...#..._...#..P♣§P§♣♣.♣..# #..
................♣§§P§..#..# #.#
......#...#...♣.§♣§§♣.♣...# #.#
♣P..8...♣.♣......♣♣§§P♣PP..# ..#
♣♣♣.P♣..P..♣.♣...P♣PP..♣♣.#.# ..


You could see an eight-headed hydra.

Vanquished Creatures
  A hill giant (D:9)
  The ghost of P0WERM0DE the Fighter, a novice DsCK of Ukayaw (D:7)
  The ghost of vogonpoet the Sneak, a novice NaEn (D:4)
  A komodo dragon (Lair:1)
  A rime drake (Lair:1)
  3 yaks (Lair:1)
  A spriggan (D:9)
  A warg (D:8)
  2 ice beasts
  A wasp (D:9)
  5 orc warriors
  A phantom (D:7)
  4 ogres
  4 centaurs
  A crocodile (Lair:1)
  A big kobold (D:8)
  5 giant frogs
  A scorpion (D:5)
  3 wights (D:8)
  A howler monkey (D:4)
  3 crimson imps
  A giant frog zombie (D:8)
  5 hounds
  3 jellies
  Crazy Yiuf (D:7)
  20 orc wizards
  4 orc priests
  A giant frog skeleton (D:4)
  4 iguanas
  7 worker ants
  A hound skeleton (D:9)
  5 gnolls
  A howler monkey skeleton (D:6)
  7 adders
  4 river rats (Lair:1)
  4 oozes
  An adder zombie (D:8)
  3 dart slugs
  11 giant geckos
  41 orcs
  5 bats
  2 giant cockroaches
  2 goblins (D:3)
  4 hobgoblins
  11 jackals
  8 quokkas
  A giant gecko skeleton (D:6)
  7 giant newts
  A jackal skeleton (D:4)
  10 kobolds
  A quokka skeleton (D:6)
  2 rats (D:1)
220 creatures vanquished.

Vanquished Creatures (collateral kills)
  A spiny frog (Lair:1)
  2 spriggans (Lair:1)
  A yak (Lair:1)
  2 hippogriffs
  A warg (D:9)
  A water moccasin (D:9)
  An orc warrior (D:9)
  A black bear (Lair:1)
  A giant frog (D:7)
  A scorpion (D:9)
  A wight (D:8)
  A crimson imp (D:9)
  An orc wizard (D:9)
  4 orc priests (D:9)
  A giant frog skeleton (D:9)
  A gnoll (D:6)
  2 adders
  A river rat (Lair:1)
  A giant gecko (D:6)
  3 orcs
  A jackal (D:8)
29 creatures vanquished.

Vanquished Creatures (others)
  3 battlemagi
  A plant (Lair:1)
4 creatures vanquished.

Grand Total: 253 creatures vanquished

Notes
Turn   | Place    | Note
--------------------------------------------------------------
     0 | D:1      | Mysteryquy the Minotaur Fighter began the quest for the Orb.
     0 | D:1      | Reached XP level 1. HP: 19/19 MP: 0/0
    56 | D:1      | Reached XP level 2. HP: 25/27 MP: 1/1
   351 | D:1      | Reached XP level 3. HP: 31/33 MP: 2/2
  1245 | D:2      | Reached XP level 4. HP: 35/40 MP: 3/3
  1770 | D:3      | Reached skill level 1 in Dodging
  1945 | D:3      | Found a sparkling altar of Nemelex Xobeh.
  2268 | D:4      | Noticed vogonpoet's ghost (novice NaEn)
  2294 | D:4      | Killed vogonpoet's ghost
  2294 | D:4      | Reached skill level 5 in Fighting
  2294 | D:4      | Reached skill level 5 in Armour
  2294 | D:4      | Reached XP level 5. HP: 24/48 MP: 4/4
  2294 | D:4      | Reached XP level 6. HP: 29/56 MP: 5/5
  2479 | D:4      | Reached skill level 5 in Shields
  2659 | D:4      | Reached XP level 7. HP: 51/61 MP: 6/6
  2820 | D:4      | Reached skill level 5 in Axes
  3265 | D:5      | Entered Level 5 of the Dungeon
  3614 | D:5      | Found a snail-covered altar of Cheibriados.
  3615 | D:5      | Found an iron altar of Okawaru.
  3617 | D:5      | Found a blossoming altar of Fedhas.
  3629 | D:5      | Reached XP level 8. HP: 46/70 MP: 7/7
  4164 | D:5      | Found an oddly glowing altar of Pakellas.
  4638 | D:6      | Found an iron altar of Okawaru.
  4697 | D:6      | Found a staircase to the Ecumenical Temple.
  4708 | Temple   | Entered the Ecumenical Temple
  4728 | Temple   | Became a worshipper of Hepliaklqana
  5105 | D:6      | Reached skill level 5 in Dodging
  5135 | D:6      | Found an opulent altar of Gozag.
  5409 | D:7      | Found a shimmering altar of Xom.
  5411 | D:7      | Found a shimmering altar of Xom.
  5411 | D:7      | Found a shimmering altar of Xom.
  5417 | D:7      | Found a shimmering altar of Xom.
  5419 | D:7      | Found a shimmering altar of Xom.
  5419 | D:7      | Found a shimmering altar of Xom.
  5561 | D:7      | Found a white marble altar of Elyvilon.
  5674 | D:7      | Reached XP level 9. HP: 79/79 MP: 8/8
  5813 | D:7      | Noticed P0WERM0DE's ghost (novice DsCK)
  5833 | D:7      | Killed P0WERM0DE's ghost
  6142 | D:7      | Found a shimmering altar of Xom.
  6149 | D:7      | Reached * piety under Hepliaklqana
  6273 | D:7      | Found an ancient bone altar of Kikubaaqudgha.
  6434 | D:7      | Found a glowing silver altar of Zin.
  6465 | D:7      | Reached skill level 1 in Stealth
  6583 | D:7      | Noticed Crazy Yiuf
  6587 | D:7      | Killed Crazy Yiuf
  6851 | D:8      | Found a shadowy altar of Dithmenos.
  7087 | D:8      | Reached XP level 10. HP: 74/90 MP: 9/9
  7271 | D:8      | Reached ** piety under Hepliaklqana
  7272 | D:8      | Remembered your ancestor Iltani as a battlemage
  7998 | D:9      | Found a staircase to the Lair.
  8354 | D:9      | Noticed a hill giant
  8364 | D:9      | Killed a hill giant
  8613 | Lair:1   | Entered Level 1 of the Lair of Beasts
  8613 | Lair:1   | Noticed a spiny frog
  8617 | Lair:1   | Killed a spiny frog
  8631 | Lair:1   | Found a sacrificial altar of Ru.
  8644 | Lair:1   | Reached skill level 10 in Armour
  8644 | Lair:1   | Reached skill level 10 in Shields
  8785 | Lair:1   | Reached skill level 10 in Axes
  8842 | Lair:1   | Noticed an eight-headed hydra
  8851 | Lair:1   | HP: 3/91 [eight-headed hydra (9)]
  8857 | Lair:1   | HP: 3/91 [eight-headed hydra (2)]
  8857 | Lair:1   | Slain by an eight-headed hydra

Vault maps used:
D:1:      minmay_arrival_doors
D:3:      minmay_misc_feat_rows, nemelex_dance_club_becter
D:5:      grunt_pakellas_basics, grunt_temple_overflow_open, first_bread
D:6:      grunt_gozag_statues, minmay_temple_entry_junction, okawaru_gym_becter
D:7:      elyvilon_altar_1, old_standard_altar, nicolae_xom_altar_mimics,
          zin_academy, uniq_crazy_yiuf_cottage
D:8:      nicolae_dithmenos_the_darkroom
D:9:      erik_lair_orcish_takeover, the_bakery, solitary_fountain
Temple:   circular_temple_12
Lair:1:   wad_woods_stonehenge

Skill      XL: |  1  2  3  4  5  6  7  8  9 10 |
---------------+-------------------------------+-----
Armour         | 4 5 6 7 8 10 | 10.3
Fighting       | 4 5 6 7 8 9 |  9.3
Axes           | 3 4 5 7 8 10 | 10.0
Shields        | 4 5 7 8 10 | 10.3
Dodging        | 2 3 4 5 |  5.7
Stealth        | 1 2 |  2.0

Action                   |  1- 3 |  4- 6 |  7- 9 | 10-12 || total
-------------------------+-------+-------+-------+-------++-------
Melee: War axe           |    86 |    89 |   338 |   168 ||   681
       Headbutt          |     5 |    16 |    69 |    33 ||   123
Invok: Ancestor Life: Ba |       |       |       |     1 ||     1
  Use: Potion            |       |       |     2 |       ||     2
       Scroll            |       |       |       |     4 ||     4
 Stab: Distracted        |       |       |       |     2 ||     2
  Eat: Chunk             |     1 |     3 |    14 |     7 ||    25
       Pizza             |       |     1 |       |       ||     1
Armor: Scale mail        |    39 |    23 |    31 |       ||    93
       Plate armour      |       |       |   100 |    62 ||   162
Dodge: Dodged            |    29 |    39 |    81 |    38 ||   187
Block: Shield            |    41 |    53 |   166 |    82 ||   342
